 Dungeon Crawl Stone Soup version 0.27.0-1-g7a089689b8 (webtiles) character file.

Game seed: 17060562439362247291

202312 sasquatch the Formicid Blade (level 19, -16/154 HPs)
             Began as a Formicid Fighter on Aug 5, 2021.
             Was the Champion of Okawaru.
             Demolished by a naga warrior (41 damage)
             ... on level 4 of the Snake Pit.
             The game lasted 01:21:22 (48909 turns).

sasquatch the Formicid Blade (Formicid Fighter)    Turns: 48909, Time: 01:21:23

Health: -16/154    AC: 27    Str: 27    XL:     19   Next: 28%
Magic:  19/20      EV: 10    Int: 13    God:    Okawaru [******]
Gold:   357        SH: 23    Dex: 14    Spells: 18/18 levels left

rFire    + . .     SeeInvis +   b - +1 double sword (venom)
rCold    . . .     Faith    .   O - +2 kite shield of Perpetual Drought {rN+ Int+3 Dex+4}
rNeg     + + .     Spirit   .   G - +0 plate armour {rPois}
rPois    +         Reflect  +   (helmet unavailable)
rElec    .         Harm     .   T - scarf {repulsion}
rCorr    .         Rampage  +   V - +3 pair of gauntlets of War {Slay+5}
Will     +....                  F - +2 pair of boots {rampage}
Stlth    ..........             c - amulet of reflection
HPRegen  0.35/turn              w - ring of positive energy
MPRegen  0.17/turn              y - ring of protection from fire

@: heroic, weakened, studying Fighting, repel missiles
A: permanent stasis, dig shafts and tunnels, antennae 3, four strong arms
}: 1/15 runes: decaying
a: Dig, Shaft Self, Renounce Religion, Heroism, Finesse


You were on level 4 of the Snake Pit.
You worshipped Okawaru.
Okawaru was exalted by your worship.
You visited 5 branches of the dungeon, and saw 27 of its levels.

You collected 3728 gold pieces.
You spent 3371 gold pieces at shops.

Inventory:

Hand Weapons
 a - a +5 scimitar of flaming
 b - a +1 double sword of venom (weapon)
 f - a +3 triple sword of flaming
Missiles
 i - 8 datura-tipped darts
 k - 53 poisoned darts
 m - 4 javelins
 S - a throwing net
Armour
 j - a +1 crystal plate armour
 r - a +0 pair of boots of flying
 F - a +2 pair of boots of rampaging (worn)
 G - a +0 plate armour of poison resistance (worn)
 O - the +2 kite shield of Perpetual Drought (worn) {rN+ Int+3 Dex+4}
   (You took it off an orc warlord on level 2 of the Orcish Mines)

   Int:       It affects your intelligence (+3).
   Dex:       It affects your dexterity (+4).
   rN:        It protects you from negative energy.
 T - a scarf of repulsion (worn)
 V - the +3 pair of gauntlets of War (worn) {Slay+5}
   (You found it on level 2 of the Orcish Mines)

   Slay:      It affects your accuracy & damage with ranged weapons and melee
   (+5).
 W - a +0 tower shield
Jewellery
 c - an amulet of reflection (around neck)
 w - a ring of positive energy (left hand)
 y - a ring of protection from fire (right hand)
 A - a ring of protection from cold
 K - a ring of resist corrosion
 Y - a ring of protection from cold
Wands
 h - a wand of digging (6)
 n - a wand of mindburst (62)
 u - a wand of flame (57)
 v - a wand of paralysis (29)
 C - a wand of acid (29)
 H - a wand of iceblast (6)
 J - a wand of polymorph (6)
 R - a wand of charming (16)
Scrolls
 e - 2 scrolls of summoning
 l - 2 scrolls of silence
 q - 2 scrolls of holy word
 s - 7 scrolls of amnesia
 z - 4 scrolls of magic mapping
 D - a scroll of fog
 E - 2 scrolls of enchant armour
 I - 2 scrolls of fear
 M - a scroll of torment
Potions
 d - 5 potions of might
 g - 8 potions of curing
 o - 3 potions of mutation
 p - 3 potions of flight
 t - 5 potions of heal wounds
 x - a potion of attraction
 B - 2 potions of ambrosia
 N - 3 potions of brilliance
 P - 3 potions of magic
 Q - a potion of cancellation


   Skills:
 + Level 14.8(19.8) Fighting
 + Level 22.3(27) Long Blades
 - Level 15.0(20.0) Armour
 - Level 15.0(20.0) Shields
 - Level 2.0 Invocations


You had 18 spell levels left.
You didn't know any spells.
Your spell library contained the following spells:

 Spells                   Type           Power      Damage    Failure   Level
 Magic Dart               Conj           0%         1d3       82%         1
 Pain                     Necr           0%         1d4       82%         1
 Corpse Rot               Necr/Air       N/A        N/A       91%         2
 Ensorcelled Hibernation  Hex/Ice        0%         N/A       91%         2
 Poisonous Vapours        Pois/Air       0%         N/A       91%         2
 Searing Ray              Conj           0%         3d3       91%         2
 Slow                     Hex            0%         N/A       91%         2
 Confusing Touch          Hex            0%         N/A       99%         3
 Ozocubu's Armour         Ice            0%         N/A       99%         3
 Spider Form              Tmut/Pois      0%         N/A       99%         3
 Tukima's Dance           Hex            0%         N/A       99%         3
 Animate Dead             Necr           0%         N/A       100%        4
 Fulminant Prism          Conj/Hex       0%         3d6       100%        4
 Hailstorm                Conj/Ice       0%         3d3       100%        4
 Ice Form                 Ice/Tmut       0%         N/A       100%        4
 Passage of Golubria      Tloc           N/A        N/A       100%        4
 Summon Ice Beast         Ice/Summ       0%         N/A       100%        4
 Agony                    Necr           0%         N/A       100%        5
 Borgnjor's Vile Clutch   Necr/Erth      0%         N/A       100%        5
 Excruciating Wounds      Necr           0%         N/A       100%        5
 Fireball                 Conj/Fire      0%         3d3       100%        5
 Freezing Cloud           Conj/Ice/Air   0%         6-21      100%        5
 Iskenderun's Battlesphe  Conj           0%         2d6       100%        5
 Summon Mana Viper        Hex/Summ       0%         N/A       100%        5
 Yara's Violent Unravell  Hex/Tmut       0%         3d3       100%        5
 Conjure Ball Lightning   Conj/Air       0%         3x3d6     100%        6
 Death Channel            Necr           0%         N/A       100%        6
 Shadow Creatures         Summ           N/A        N/A       100%        6
 Simulacrum               Ice/Necr       0%         N/A       100%        6
 Monstrous Menagerie      Summ           0%         N/A       100%        7
 Orb of Destruction       Conj           0%         N/A       100%        7
 Ozocubu's Refrigeration  Ice            0%         4d5       100%        7


Dungeon Overview and Level Annotations

Branches:
Dungeon (11/15)            Temple (0/1) D:7            Lair (6/6) D:10
  Swamp (4/4) Lair:3        Snake (4/4) Lair:4        Slime (0/5) Lair:6
    Orc (2/2) D:9             Elf (0/3) Orc:2

Altars:
Hepliaklqana
Kikubaaqudgha
Nemelex Xobeh
Okawaru
Qazlal
Sif Muna
Trog
Uskayaw
Vehumet
Wu Jian
Xom
Yredelemnul
The Shining One
Beogh

Shops:
D:2 :   D:9 [   Orc:2 !!:[

Portals:
Pandemonium: Orc:2

Annotations:
Orc:2 sand's ghost, journeyman HOFi


Innate Abilities, Weirdness & Mutations

You cannot be hasted, slowed, berserked, paralysed or teleported.
You can dig through walls and to a lower floor.
You have a pair of large antennae on your head. (SInv)
Your four strong arms can wield two-handed weapons with a shield.


Message History

The naga warrior is heavily wounded.
You block the naga warrior's attack. x2
You hit the naga warrior but do no damage.
The naga warrior is heavily wounded.
You block the naga warrior's attack. The naga warrior grabs you.
The naga warrior constricts you.
You slice the naga warrior!!
The naga warrior looks as sick as possible!
The naga warrior is almost dead.
The naga warrior roars a battlecry!
The naga warrior constricts you.
You slice the naga warrior!!
You kill the naga warrior!
Okawaru accepts your kill.
A naga warrior comes into view. It is wielding a +0 glaive.
You closely miss the naga warrior. You slash the naga warrior!
The naga warrior is lightly wounded.
The naga warrior hits you with a +0 glaive!!
* * * LOW HITPOINT WARNING * * *
You block the naga warrior's attack.
You slash the naga warrior!
The naga warrior is moderately wounded.
You float gracefully downwards.
You closely miss the naga warrior.
The naga warrior is moderately wounded.
The naga warrior hits you with a +0 glaive!
* * * LOW HITPOINT WARNING * * *
You block the naga warrior's attack.
You hit the naga warrior.
The naga warrior is moderately wounded.
You hear a shout!
The naga warrior spits poison at you. The splash of poison misses you.
You slice the naga warrior!!
The naga warrior is heavily wounded.
You slice the naga warrior!!
The naga warrior is almost dead.
The naga warrior hits you with a +0 glaive!!!
You die...

...#.......##....##
........)###......#
...+...##..#......#
...#######.#.....##
.................#
................##
.................#
########..).#.####
#....##{#@# ##....###N##
#....).#### #...)÷.# ###
#....≈.# ..#####......######
...............÷..#####
..............#.......####
..............#..........###


You could see a naga warrior (strong, catching breath).

Vanquished Creatures
  Bai Suzhen (Swamp:4)
  Nikola (Swamp:3)
  A bone dragon (Swamp:4)
  2 tentacled monstrosities
  2 thorn hunters
  Kirke (Lair:4)
  3 nagarajas (Snake:4)
  Donald (Swamp:3)
  2 fenstrider witches
  An orc warlord (Orc:2)
  Louise (Swamp:3)
  2 bunyips
  7 eleionomae
  16 hydras
  2 salamander tyrants
  15 naga warriors
  A spriggan air mage (Swamp:1)
  8 anacondas
  4 catoblepae
  4 two-headed ogres
  4 alligators
  3 ghost crabs
  A tengu warrior (D:10)
  A spriggan berserker (Swamp:2)
  Urug (Lair:2)
  10 death yaks
  4 shock serpents
  11 naga sharpshooters
  11 orc high priests (Orc:2)
  7 spriggans
  2 salamander mystics
  2 spriggan druids
  5 goliath frogs
  A gelid demonspawn (Orc:2)
  3 infernal demonspawn (Orc:2)
  4 naga ritualists
  2 swamp dragons
  3 spectral hydras (Swamp:4)
  9 bog bodies
  2 phantasmal warriors (Swamp:4)
  8 orc knights (Orc:2)
  An ugly thing (D:10)
  An orc sorcerer (Orc:2)
  5 mana vipers
  A cyclops (D:11)
  3 manticores
  3 salamanders
  12 elephants
  3 will-o-the-wisps
  7 naga magi
  An ice statue (D:10)
  2 guardian serpents (Snake:4)
  Joseph (D:7)
  29 black mambas
  9 cane toads
  5 rime drakes
  An efreet (D:10)
  5 swamp worm zombies (Swamp:4)
  A hellwing (Orc:2)
  9 komodo dragons
  3 hydra zombies (Swamp:4)
  6 trolls
  11 tyrant leeches
  6 hornets
  2 polar bears
  4 dream sheep (Lair:5)
  11 blink frogs
  2 spectral swamp dragons (Swamp:4)
  An alligator zombie (Swamp:4)
  A vampire (D:10)
  4 wyverns
  A hog (Lair:5)
  42 yaks
  3 basilisks
  4 steam dragons
  2 chaos spawn (Orc:2)
  9 vampire mosquitoes
  4 wargs
  20 swamp worms
  36 nagas
  Edmund (D:6)
  An acid dragon (D:10)
  22 water moccasins
  2 black bears
  36 orc warriors
  5 sky beasts
  4 swamp drakes
  A hornet zombie (D:8)
  2 necrophages (D:5)
  9 wolves
  4 swamp dragon zombies (Swamp:4)
  A boggart (D:10)
  4 centaurs
  10 ogres
  3 kobold brigands (D:9)
  5 phantoms
  Blork the orc (D:6)
  13 bullfrogs
  3 gnoll sergeants
  A scorpion (D:4)
  A water moccasin skeleton (D:5)
  2 electric eels (Lair:2)
  2 howler monkeys
  A lava snake (D:7)
  A bullfrog zombie (D:6)
  4 centaur zombies
  2 jellies
  28 orc priests
  A bullfrog skeleton (D:6)
  2 hounds
  A gnoll shaman (D:10)
  19 orc wizards
  Natasha (D:2)
  5 iguanas
  2 spectral swamp drakes (Swamp:4)
  6 hell rats (Lair:2)
  A killer bee zombie (D:7)
  A hound zombie (D:5)
  A howler monkey zombie (D:10)
  9 gnolls
  2 howler monkey skeletons
  9 adders
  A swamp drake zombie (Swamp:4)
  3 shadow imps
  3 white imps
  An ufetubus (D:5)
  An adder zombie (D:5)
  3 worms (D:2)
  7 dart slugs
  99 orcs
  8 ball pythons
  5 endoplasms
  7 giant cockroaches
  5 goblins
  12 hobgoblins
  8 jackals
  7 kobolds
  4 quokkas
  9 bats
  A frilled lizard (D:1)
  7 rats
  3 briar patches
863 creatures vanquished.

Vanquished Creatures (collateral kills)
  A butterfly (Lair:6)
1 creature vanquished.

Vanquished Creatures (others)
  A spriggan air mage (Swamp:4)
  An unseen horror (D:10)
  6 bloated husks
  A hornet (Swamp:3)
  4 humans
  2 phantoms (Swamp:4)
  A wyvern zombie (D:7)
  A gnoll sergeant (D:7)
  An orc priest (D:7)
  An orc (D:7)
  2 briar patches
  6 foxfires
  27 fungi
  63 plants
117 creatures vanquished.

Grand Total: 981 creatures vanquished

Notes
Turn   | Place    | Note
-------+----------+-------------------------------------------
     0 | D:1      | sasquatch the Formicid Fighter began the quest for the Orb.
     0 | D:1      | Reached XP level 1. HP: 18/18 MP: 1/1
   118 | D:1      | Reached XP level 2. HP: 24/24 MP: 2/2
   564 | D:1      | Reached XP level 3. HP: 29/29 MP: 3/3
   645 | D:1      | Found a faded altar of an unknown god.
   828 | D:1      | Reached skill level 3 in Long Blades
  1143 | D:1      | Reached XP level 4. HP: 35/35 MP: 4/4
  1313 | D:2      | Noticed Natasha
  1325 | D:2      | Killed Natasha
  1326 | D:2      | Reached skill level 5 in Shields
  1504 | D:2      | Found Zuriuh's Book Shop.
  1989 | D:2      | Reached XP level 5. HP: 41/41 MP: 5/5
  2218 | D:2      | HP: 1/41 [poisoned by an adder]
  3201 | D:2      | Reached skill level 4 in Long Blades
  3335 | D:3      | Reached XP level 6. HP: 31/47 MP: 6/6
  4407 | D:3      | Reached skill level 5 in Long Blades
  4617 | D:3      | Found an iron altar of Okawaru.
  4625 | D:3      | Became a worshipper of Warmaster Okawaru
  5105 | D:4      | Reached XP level 7. HP: 28/52 MP: 7/7
  5455 | D:4      | Reached skill level 6 in Long Blades
  5984 | D:5      | Entered Level 5 of the Dungeon
  6020 | D:5      | Identified the +4 mace "Masoc" {drain, rElec rN+ Will+}
  6025 | D:5      | Noticed a water moccasin
  6037 | D:5      | Killed a water moccasin
  6037 | D:5      | Reached * piety under Okawaru
  6046 | D:5      | HP: 2/52 [poisoned by a water moccasin]
  6616 | D:5      | Identified the +9 dagger "Tuitith" {drain, Drain rPois
                  | Str-5 Int+3}
  6942 | D:5      | Found a shimmering blue altar of Sif Muna.
  6949 | D:5      | Reached XP level 8. HP: 56/58 MP: 8/8
  6966 | D:5      | Found an ancient bone altar of Kikubaaqudgha.
  7004 | D:5      | Noticed a human
  7005 | D:5      | Killed a human
  7102 | D:5      | Reached skill level 7 in Long Blades
  7520 | D:5      | Noticed a yak
  7520 | D:5      | Noticed a yak
  7520 | D:5      | Noticed a yak
  7521 | D:5      | Noticed a yak
  7522 | D:5      | Noticed a yak
  7530 | D:5      | Killed a yak
  7530 | D:5      | Noticed a yak
  7535 | D:5      | Killed a yak
  7548 | D:5      | Killed a yak
  7549 | D:5      | Reached skill level 8 in Long Blades
  7550 | D:5      | Killed a yak
  7550 | D:5      | Reached ** piety under Okawaru
  7551 | D:5      | Reached XP level 9. HP: 41/64 MP: 9/9
  7567 | D:5      | Reached skill level 9 in Long Blades
  8097 | D:5      | Found a basalt altar of Yredelemnul.
  8257 | D:5      | Reached skill level 10 in Long Blades
  8547 | D:5      | Reached *** piety under Okawaru
  8722 | D:6      | Found a sparkling altar of Nemelex Xobeh.
  9078 | D:6      | Noticed Blork the orc
  9087 | D:6      | Killed Blork the orc
  9374 | D:6      | Reached skill level 11 in Long Blades
  9432 | D:6      | Noticed Edmund
  9444 | D:6      | Reached XP level 10. HP: 70/70 MP: 10/10
  9451 | D:6      | Killed Edmund
  9763 | D:7      | Found a shimmering altar of Xom.
  9817 | D:7      | Found a staircase to the Ecumenical Temple.
 10318 | D:7      | Reached skill level 12 in Long Blades
 10518 | D:7      | Reached **** piety under Okawaru
 10683 | D:7      | Found a bloodstained altar of Trog.
 10683 | D:7      | Found an ornate altar of the Wu Jian Council.
 10833 | D:7      | Noticed Joseph
 10867 | D:7      | Killed Joseph
 11446 | D:8      | Found a hide-covered altar of Uskayaw.
 11853 | D:9      | Found a hazy altar of Hepliaklqana.
 11887 | D:8      | Reached skill level 13 in Long Blades
 13147 | D:9      | Found a stormy altar of Qazlal.
 13196 | D:9      | Found Jaasoiri's Antique Armour Shop.
 13204 | D:9      | Bought a pair of glowing gloves for 210 gold pieces
 13204 | D:9      | Bought a glowing kite shield for 210 gold pieces
 13301 | D:9      | Found a glowing golden altar of the Shining One.
 13435 | D:9      | Found a staircase to the Orcish Mines.
 13446 | D:9      | Reached XP level 11. HP: 59/76 MP: 11/11
 13451 | D:9      | Reached ***** piety under Okawaru
 13753 | D:9      | Reached skill level 14 in Long Blades
 14103 | D:10     | Entered Level 10 of the Dungeon
 14133 | D:10     | Noticed a two-headed ogre
 14163 | D:9      | Reached skill level 5 in Fighting
 14226 | D:10     | Killed a two-headed ogre
 14423 | D:10     | Found a staircase to the Lair.
 14462 | D:10     | Noticed a manticore
 14471 | D:10     | Killed a manticore
 15112 | D:10     | Noticed a two-headed ogre
 15123 | D:10     | Killed a two-headed ogre
 15505 | D:10     | Reached skill level 15 in Long Blades
 15644 | D:10     | Noticed a cyan ugly thing
 15657 | D:10     | Killed a cyan ugly thing
 15657 | D:10     | Identified the +3 great sword of Zifafaq {vorpal, Fragile
                  | Will++ Str+8 Dex-5} (Okawaru gifted it to you on level 10
                  | of the Dungeon)
 15657 | D:10     | Received a gift from Okawaru
 15981 | D:10     | Reached XP level 12. HP: 28/91 MP: 12/12
 16266 | D:10     | Noticed a tengu warrior
 16287 | D:10     | Killed a tengu warrior
 16354 | D:10     | Noticed a two-headed ogre
 16419 | D:10     | Killed a two-headed ogre
 16791 | D:10     | HP: 1/91 [efreet/fireball (33)]
 17628 | D:11     | Noticed a two-headed ogre
 17636 | D:11     | Killed a two-headed ogre
 18166 | D:11     | Reached skill level 16 in Long Blades
 18180 | D:11     | Received a gift from Okawaru
 18461 | Lair:1   | Entered Level 1 of the Lair of Beasts
 18595 | D:10     | Noticed a seven-headed hydra
 18631 | D:10     | Reached XP level 13. HP: 99/101 MP: 13/13
 18678 | D:9      | Bought a runed chain mail for 210 gold pieces
 18771 | Lair:1   | Reached skill level 1 in Invocations
 19145 | Lair:1   | Reached skill level 10 in Fighting
 19442 | Lair:1   | Noticed a seven-headed hydra
 19452 | Lair:1   | Killed a one-headed hydra
 19452 | Lair:1   | Received a gift from Okawaru
 19453 | Lair:1   | Reached skill level 10 in Armour
 19705 | Lair:2   | Noticed Urug
 19728 | Lair:2   | Killed Urug
 19839 | Lair:2   | Reached XP level 14. HP: 110/110 MP: 13/15
 21405 | Lair:3   | Reached ****** piety under Okawaru
 22947 | Lair:3   | Found a staircase to the Swamp.
 23129 | Lair:4   | Found a staircase to the Snake Pit.
 23438 | Lair:4   | Reached skill level 15 in Armour
 24450 | Lair:5   | Noticed Kirke
 24468 | Lair:4   | Killed Kirke
 24604 | Lair:5   | Reached XP level 15. HP: 84/115 MP: 16/16
 24611 | Lair:5   | Received a gift from Okawaru
 25261 | Lair:5   | Reached skill level 10 in Shields
 25829 | Lair:6   | Entered Level 6 of the Lair of Beasts
 26189 | Lair:6   | Found a staircase to the Slime Pits.
 26238 | Lair:6   | Identified a scroll of acquirement
 26238 | Lair:6   | Acquired a +1 triple sword of flaming
 26274 | Lair:6   | Identified the +8 shortbow of Ambiguity {freeze, rN+ Dex+2}
                  | (Okawaru gifted it to you on level 6 of the Lair of Beasts)
 26274 | Lair:6   | Received a gift from Okawaru
 27049 | Lair:6   | Reached skill level 17 in Long Blades
 28252 | Orc:1    | Entered Level 1 of the Orcish Mines
 28280 | Orc:1    | Received a gift from Okawaru
 28597 | Orc:1    | Found a runed translucent door.
 28806 | Orc:1    | Identified the +1 hand axe of Dull Cruel Justice {freeze,
                  | rElec rC+}
 28848 | Orc:2    | Entered Level 2 of the Orcish Mines
 28848 | Orc:2    | Found a staircase to the Elven Halls.
 29954 | Orc:2    | Found Wuidif's Distillery.
 29955 | Orc:2    | Found Ofrur Zeif's Distillery.
 30284 | Orc:2    | Bought a potion of heal wounds for 85 gold pieces
 30711 | Orc:2    | Reached XP level 16. HP: 108/125 MP: 15/17
 31296 | Orc:2    | Reached skill level 18 in Long Blades
 32020 | Orc:2    | Found Epig's Antique Armour Emporium.
 32020 | Orc:2    | Found a one-way gate leading to the halls of Pandemonium.
 32020 | Orc:2    | Found Appoa's Book Shoppe.
 32239 | Orc:2    | Found a runed translucent gate.
 32239 | Orc:2    | Found a runed translucent gate.
 32240 | Orc:2    | Found a runed translucent gate.
 32242 | Orc:2    | Noticed sand's ghost (journeyman HOFi)
 32243 | Orc:2    | Identified the +2 kite shield of Perpetual Drought {rN+
                  | Int+3 Dex+4}
 32864 | Orc:2    | Found the +3 pair of gauntlets of War {Slay+5}
 33707 | Swamp:1  | Entered Level 1 of the Swamp
 33903 | Swamp:1  | Noticed a thorn hunter
 33928 | Swamp:1  | Killed a thorn hunter
 34394 | Swamp:1  | Received a gift from Okawaru
 35113 | Swamp:2  | Reached skill level 19 in Long Blades
 35555 | Swamp:2  | Noticed a thorn hunter
 35567 | Swamp:2  | Killed a thorn hunter
 35965 | Swamp:2  | Reached XP level 17. HP: 114/131 MP: 18/18
 36187 | Swamp:2  | Found a radiant altar of Vehumet.
 37011 | Swamp:3  | Noticed Louise
 37038 | Swamp:3  | Killed Louise
 37386 | Swamp:3  | Noticed Nikola
 37401 | Swamp:3  | Killed Nikola
 37451 | Swamp:3  | Received a gift from Okawaru
 37902 | Swamp:3  | Acquired 924 gold pieces
 38256 | Swamp:4  | Entered Level 4 of the Swamp
 38256 | Swamp:4  | Noticed a tentacled monstrosity
 38269 | Swamp:4  | Killed a tentacled monstrosity
 38275 | Swamp:3  | Reached skill level 20 in Long Blades
 38568 | Swamp:4  | Noticed Bai Suzhen
 38681 | Swamp:4  | Noticed a tentacled monstrosity
 38717 | Swamp:3  | Killed a tentacled monstrosity
 38957 | Swamp:4  | Received a gift from Okawaru
 39532 | Swamp:4  | Killed Bai Suzhen
 39679 | Swamp:4  | Identified the +2 ring mail of Plasticity {+Inv rC+}
 39939 | Swamp:4  | Noticed Donald
 40026 | Swamp:3  | Killed Donald
 40026 | Swamp:3  | Received a gift from Okawaru
 40213 | Swamp:4  | Reached skill level 15 in Shields
 40560 | Swamp:4  | Reached XP level 18. HP: 118/138 MP: 17/19
 40805 | Swamp:4  | Noticed a bone dragon
 40914 | Swamp:4  | Killed a bone dragon
 40915 | Swamp:4  | Reached skill level 21 in Long Blades
 41041 | Swamp:4  | Got a decaying rune of Zot
 41437 | Snake:1  | Entered Level 1 of the Snake Pit
 42320 | Snake:1  | Found a hide-covered altar of Uskayaw.
 43478 | Orc:2    | Bought a shiny crystal plate armour for 2656 gold pieces
 44354 | Snake:2  | Received a gift from Okawaru
 47363 | Snake:4  | Entered Level 4 of the Snake Pit
 47453 | Snake:4  | Reached skill level 22 in Long Blades
 47857 | Snake:4  | Reached XP level 19. HP: 93/150 MP: 20/20
 48909 | Snake:4  | Demolished by a naga warrior

Illustrated notes

Levels and vault maps discovered:
D:1:      amcnicky_arrival_abandoned_market, layout_basic,
          shapermc_ecumenical_altar_starsandcircs
D:2:      layout_basic, serial_shops, shop, minmay_tetromino_i4, uniq_natasha
D:3:      layout_rooms, okawaru_gym_becter, kennysheep_generic_room_9
D:4:      layout_rooms
D:5:      layout_loops_corners, lemuel_zombie_altar_yredelemnul,
          nicolae_sif_muna_condensation, tgw_kikubaaqudgha,
          minmay_misc_feat_five
D:6:      layout_rooms, nemelex_spade_bored_becter, uniq_blork_the_orc,
          uniq_edmund
D:7:      layout_loops_cross, xom_confusion_cloud,
          gammafunk_temple_overflow_wave, minmay_temple_entry_trees,
          kennysheep_decorative_pillar, uniq_joseph
D:8:      layout_gridville, nicolae_uskayaw_suspiria, hangedman_misty_isle
D:9:      layout_roguey, mainiacjoe_overflow_catwalk,
          mainiacjoe_overflow_surrounded_room, mainiacjoe_overflow_brackets,
          kennysheep_orc_monster_closet_entryway, serial_shops, shop
D:10:     layout_irregular_city, dpeg_oklobed_lair, nzn_random_ring
D:11:     layout_roguey
Lair:1:   layout_small_grid, serial_bayou_shore_b, grunt_megastairs_2
Lair:2:   statuecave_lemuel, layout_gridlike, wad_woods_river_03,
          lemuel_fruit_tree, uniq_urug
Lair:3:   layout_regular_city, palyth_hydra_swamp_entry,
          kennysheep_catoblepas_arena
Lair:4:   layout_cave_pods, guppyfry_snake_entry_island, lemuel_fruit_fields,
          infiniplex_staircase_pool_2
Lair:5:   layout_regular_city, serial_bayou_pond_c, grunt_megastairs_1,
          uniq_kirke
Lair:6:   evilmike_catoblepas_cave, layout_misc_corridors, slime_dummy,
          lemuel_fruit_fields
Swamp:1:  layout_basic_swamp, infiniplex_staircase_pool, swamp_pool5,
          hangedman_swamp_wriggling
Swamp:2:  nzn_winding_woodlands_small
          [nzn_winding_woodlands_5x15_pathside_ponds,
          nzn_winding_woodlands_center_diamonds,
          nzn_winding_woodlands_5x15_default], layout_falls_marsh,
          hangedman_swamp_pad, swamp_pool1, lemuel_altar_in_water
Swamp:3:  layout_basic_swamp, evilmike_swamp_ruin_rubble_1, swamp_pool2,
          uniq_louise, uniq_nikola
Swamp:4:  swamp_pestilence, layout_basic_swamp, swamp_pool5,
          nicolae_swamp_oxbows, uniq_bai_suzhen, uniq_donald
Snake:1:  layout_concentric_octagons, basic_altar
Snake:2:  layout_rooms
Snake:3:  layout_chambers
Snake:4:  minmay_snake_end_coiled, layout_cave_town, drop_trap
Orc:1:    layout_diamond_mine, nicolae_orc_pool_cavern, lightli_church_of_beogh
Orc:2:    pf_orc_diabolical, layout_diamond_mine, biasface_ghost_orc_armoury,
          minmay_orc_keep

Skill      XL: |  1  2  3  4  5  6  7  8  9 10 11 12 13 14 15 16 17 18 19 |
---------------+----------------------------------------------------------+-----
Shields        | 4 5 6 7 8 9 11 13 15 | 15.0
Long Blades    | 3 4 5 6 8 11 13 15 16 17 19 20 22 | 22.3
Fighting       | 7 9 10 11 13 14 | 14.8
Armour         | 9 11 15 | 15.0
Invocations    | 2 |  2.0

Action                   |  1- 3 |  4- 6 |  7- 9 | 10-12 | 13-15 | 16-18 | 19-21 || total
-------------------------+-------+-------+-------+-------+-------+-------+-------++-------
Melee: Long sword        |    90 |   106 |       |       |       |       |       ||   196
       Dagger            |       |   188 |   309 |   553 |       |       |       ||  1050
       Scimitar          |       |       |       |   107 |   991 |   607 |    35 ||  1740
       Great sword       |       |       |       |       |    27 |   210 |       ||   237
       Double sword      |       |       |       |       |       |    71 |   132 ||   203
       Triple sword      |       |       |       |       |       |   330 |       ||   330
Throw: Dart              |       |       |       |       |       |     1 |       ||     1
Invok: Heroism           |       |       |       |    11 |    18 |    28 |     2 ||    59
 Abil: Dig               |       |       |     2 |    17 |    35 |    19 |     5 ||    78
Evoke: Wand              |       |       |       |     5 |     1 |     3 |       ||     9
  Use: Potion            |       |     3 |       |     1 |     2 |     5 |     1 ||    12
       Scroll            |       |       |       |     8 |    12 |     7 |       ||    27
Armor: Scale mail        |    37 |   130 |    60 |    33 |       |       |       ||   260
       Chain mail        |       |       |       |    85 |   228 |    23 |       ||   336
       Plate armour      |       |       |       |       |       |   275 |    19 ||   294
       Skin              |       |       |       |       |       |     4 |       ||     4
Dodge: Dodged            |    35 |   139 |    91 |   109 |   245 |   152 |    16 ||   787
       Repelled          |       |       |       |       |     2 |    22 |     5 ||    29
Block: Kite shield       |    62 |    93 |    50 |   283 |   481 |   917 |   102 ||  1988
       Reflection        |       |       |       |       |       |    58 |    24 ||    82
       Rpst.: Long sword |     7 |    12 |       |       |       |       |       ||    19
       Scimitar          |       |       |       |     5 |    63 |     4 |       ||    72
       Great sword       |       |       |       |       |       |    10 |       ||    10
       Triple sword      |       |       |       |       |       |     8 |       ||     8
       Double sword      |       |       |       |       |       |     2 |     1 ||     3
